 Seeded DCSS version 0.29-a0-231-g945431f764 (webtiles) character file.

Game seed: 7398478755600371734 (custom seed)

5119 mcwallace the Prestidigitator (level 10, -8/69 (76) HPs)
             Began as a Formicid Hunter on Mar 1, 2022.
             Mangled by a two-headed ogre
             ... wielding a +0 giant spiked club
              (11 damage)
             ... on level 8 of the Dungeon.
             The game lasted 00:23:52 (10151 turns).

mcwallace the Prestidigitator (Formicid Hunter)    Turns: 10151, Time: 00:23:53

HP:   -8/69 (76)    AC: 11    Str: 18    XL:     10   Next: 88%
MP:   10/10         EV: 16    Int: 12    God:
Gold: 1452          SH:  7    Dex: 26    Spells: 9/9 levels left

rFire   . . .      SeeInvis +   T - +3 short sword (freeze) {short}
rCold   + . .      Faith    .   u - +0 buckler
rNeg    . . .      Spirit   .   H - +3 leather armour {Will+}
rPois   .          Reflect  .   (helmet unavailable)
rElec   .          Harm     .   (no cloak)
rCorr   .          Rampage  .   m - +2 pair of gloves of Honesty {rF+ Dex+6}
Will    +++..                   n - +0 pair of boots "Xeleam" {+Inv Will+}
Stlth   ++........              (no amulet)
HPRegen 0.21/turn               F - ring "Faikhli" {Ice Int-4 Dex+5}
MPRegen 0.12/turn               G - +6 ring of intelligence

@: very slightly contaminated, studying Evocations, drained
A: permanent stasis, dig shafts and tunnels, antennae 3, four strong arms
a: Dig, Shaft Self, Evoke Invisibility


You were on level 8 of the Dungeon.
You visited 2 branches of the dungeon, and saw 9 of its levels.
You also visited: Ossuary.

You collected 2052 gold pieces.
You spent 600 gold pieces at shops.


Innate Abilities, Weirdness & Mutations

You cannot be hasted, slowed, berserked, paralysed or teleported.
You can dig through walls and to a lower floor.
You have a pair of large antennae on your head. (SInv)
Your four strong arms can wield two-handed weapons with a shield.


   Skills:
 + Level 6.2 Fighting
 + Level 6.6 Crossbows
 + Level 5.4 Armour
 + Level 5.2 Dodging
 - Level 2.1 Stealth
 - Level 4.8 Shields
 + Level 13.2 Evocations


You had 9 spell levels left.
You didn't know any spells.
Your spell library contained the following spells:

 Spells                   Type           Power      Damage    Failure   Level
 Corpse Rot               Necr/Air       0%         N/A       56%         2
 Poisonous Vapours        Pois/Air       0%         N/A       56%         2
 Fulminant Prism          Conj/Hex       0%         3d6       99%         4
 Iskenderun's Mystic Bla  Conj/Tloc      0%         2d3       99%         4
 Lee's Rapid Deconstruct  Erth           0%         3d5*      100%        5

Inventory:

Hand Weapons
 a - a +1 hand crossbow {crossbow}
 o - a +1 flail of holy wrath {mace}
   (You found it on level 3 of the Dungeon)
 I - a +0 hand crossbow of flaming {crossbow}
   (You found it on level 8 of the Dungeon)
 T - a +3 short sword of freezing (weapon) {short}
   (You took it off Duvessa on level 5 of the Dungeon)
 X - a +1 whip of flaming {mace}
   (You took it off Pikel on level 5 of the Dungeon)
Missiles
 c - 135 stones {throwing}
 A - 5 boomerangs {throwing}
 Q - 14 poisoned darts {throwing}
Armour
 e - a +0 ring mail
   (You found it on level 6 of the Dungeon)
 f - a +0 robe
   (You took it off an orc wizard on level 6 of the Dungeon)
 h - a +0 leather armour
   (You found it on level 1 of the Dungeon)
 l - a +0 leather armour
   (You took it off an orc on level 6 of the Dungeon)
 m - the +2 pair of gloves of Honesty (worn) {rF+ Dex+6}
   (You acquired it on level 2 of the Dungeon)

   Dex:       It affects your dexterity (+6).
   rF:        It protects you from fire.
 n - the +0 pair of boots "Xeleam" (worn) {+Inv Will+}
   (You acquired it on level 2 of the Dungeon)

   +Inv:      It lets you turn invisible.
   Will:      It increases your willpower.
 q - a +0 chain mail
   (You took it off Terence on level 2 of the Dungeon)
 u - a +0 buckler (worn)
   (You found it on level 2 of the Dungeon)
 x - a +0 ring mail
   (You found it on level 3 of the Dungeon)
 B - a +0 ring mail
   (You took it off an orc on level 3 of the Dungeon)
 C - a +0 leather armour
   (You took it off an orc on level 3 of the Dungeon)
 D - a +0 leather armour
   (You found it on level 4 of the Dungeon)
 H - a +3 leather armour of willpower (worn)
   (You took it off Eustachio on level 4 of the Dungeon)
 K - a +0 leather armour
   (You took it off an orc on level 6 of the Dungeon)
 L - a +0 ring mail
   (You took it off an orc on level 6 of the Dungeon)
 M - a +0 leather armour
   (You took it off an orc on level 6 of the Dungeon)
 P - a +0 plate armour
   (You found it on level 4 of the Dungeon)
 R - a +0 chain mail
   (You found it on level 7 of the Dungeon)
 U - a +0 leather armour
   (You took it off Duvessa on level 5 of the Dungeon)
 V - a +0 robe
   (You took it off Dowan on level 5 of the Dungeon)
 W - +0 steam dragon scales
   (You found it on level 7 of the Dungeon)
Jewellery
 j - a ring of fire
   (You found it on level 1 of the Dungeon)
 F - the ring "Faikhli" (left hand) {Ice Int-4 Dex+5}
   (You found it on level 4 of the Dungeon)

   [ring of ice]

   It enhances your ice magic.
   Int:       It affects your intelligence (-4).
   Dex:       It affects your dexterity (+5).
   rF:        It makes you vulnerable to fire.
   rC:        It protects you from cold.
 G - a +6 ring of intelligence (right hand)
   (You found it on level 4 of the Dungeon)
Wands
 S - a wand of flame (1)
   (You took it off Ijyb on level 5 of the Dungeon)
Scrolls
 d - 2 scrolls of magic mapping {unknown}
 i - 5 scrolls of teleportation {@r4}
 k - a scroll of silence {unknown}
 v - 4 scrolls of noise {!r}
 y - a scroll of torment {unknown}
 z - 2 scrolls of vulnerability {unknown}
 E - 3 scrolls of enchant armour {unknown}
 J - 3 scrolls of immolation {unknown}
 N - 2 scrolls of identify {@r1}
Potions
 b - a potion of degeneration {unknown}
 g - a potion of attraction {unknown}
 p - 3 potions of haste {unknown}
 r - 4 potions of cancellation {unknown}
 s - 3 potions of heal wounds {unknown}
 t - 2 potions of might
 w - a potion of curing {@q1}
 O - a potion of ambrosia {unknown}
 Y - 4 potions of mutation {!q}
 Z - 3 potions of resistance {unknown}

Dungeon Overview and Level Annotations

Branches:
Dungeon (8/15)             Temple (1/1) D:6         Ossuary (visited)
   Lair: D:8-11

Altars:
Ashenzari
Cheibriados
Dithmenos
Elyvilon
Fedhas
Hepliaklqana
Kikubaaqudgha
Makhleb
Nemelex Xobeh
Okawaru
Qazlal
Ru
Sif Muna
Uskayaw
Vehumet
Wu Jian
Xom
Yredelemnul
Zin

Shops:
D:1

* ##.########## #.#
8#..........# #.#
###########.###.#
##8##8##8##.....##
..........'.###..###
##8##8##8######..#$)##
###########......#.#.# ##
8#....#.##.#.....#...#..#
#####.#.##.#....@#.#...# ##
##...##.#...).O...# 8#
#.............#.#...# ##
#.#####.#.....#...#..# ##
#.# #.#..)..#.#.# ## .#
8###.#####.#.....#)[### # .#
##...............####.####.#
[#
##.........#####[...)......#
##.# #.##.####..#
#.[.###.#.#### #..#


You could see a two-headed ogre.


Message History

* * * LOW HITPOINT WARNING * * *
The orange demon misses you.
Things that are here:
a +0 demon whip of venom {mace}; the demonspawn corpse of Amaemon 😱 HP[-5]
You take 5 damage, and now have 15/76 hp.
You sock the orange demon!
The orange demon convulses!
You kill the orange demon!
Your +1 flail of holy wrath {mace} stops glowing.
Your +0 hand crossbow of flaming {crossbow} bursts into flame!
I - a +0 hand crossbow of flaming (weapon)
{crossbow} You feel a little less mighty now.
You open the door.
There is an open door here.
N - 2 scrolls of identify {@r1} (gained 1)
There is an open door here.
You pick up a book of Blasting and begin reading...
You add the spells Fulminant Prism, Iskenderun's Mystic Blast and Lee's Rapid Deconstruction to your library. 😎 HP[+61]
Your hp is fully restored (76).
You open the door.
There is an open door here.
You open the door.
There is an open door here.
You sense a monster nearby.
A two-headed ogre comes into view.
It is wielding a +0 giant spiked club and a +0 giant club.
A two-headed ogre is nearby!
Shoot: I) +0 hand crossbow (flame) {crossbow}
Press: ? - help, Q - select action, (/) - cycle Shift-Dir - straight line, f - two-headed ogre
Aim: a two-headed ogre, wielding a +0 giant spiked club and a +0 giant club (wandering, hasn't noticed you, 82% to hit)
You shoot a bolt. The two-headed ogre shouts in stereo!
The bolt hits the two-headed ogre but does no damage.
You feel drained.
You fade into invisibility!
You are very lightly contaminated with residual magic. 😎 HP[-7] MP[-2]
You now have 69 max hp (-7).
You lost 2 mp, and now have 8/10 mp.
Your +0 hand crossbow of flaming {crossbow} stops flaming.
Your +3 short sword of freezing {short} glows with a cold blue light!
T - a +3 short sword of freezing (weapon)
{short} You barely miss the two-headed ogre.
The two-headed ogre misses you.
The two-headed ogre completely misses you.
You hit the two-headed ogre. You freeze the two-headed ogre.
The two-headed ogre misses you. The two-headed ogre closely misses you.
You hit the two-headed ogre. You freeze the two-headed ogre.
The two-headed ogre hits you with a +0 giant spiked club!
The two-headed ogre hits you with a +0 giant club! 😮 HP[-30]
You take 30 damage, and now have 39/69 hp.
MASSIVE DAMAGE!! (PAUSE)
You hit the two-headed ogre but do no damage.
The two-headed ogre barely misses you.
The two-headed ogre hits you with a +0 giant club!
* * * LOW HITPOINT WARNING * * *
😨 HP[-9]
You take 9 damage, and now have 30/69 hp.
You hit the two-headed ogre. You freeze the two-headed ogre.
You block the two-headed ogre's attack. x2
You barely miss the two-headed ogre. The two-headed ogre barely misses you.
The two-headed ogre misses you. 😨 HP[+1] MP[+1]
You strike the helpless two-headed ogre from behind!
You puncture the two-headed ogre! You freeze the two-headed ogre.
You hit the two-headed ogre but do no damage.
The two-headed ogre misses you. The two-headed ogre closely misses you.
You barely miss the two-headed ogre.
You hit the two-headed ogre but do no damage.
You flicker for a moment.
You block the two-headed ogre's attack. x2 😨 HP[+1]
You puncture the two-headed ogre! You freeze the two-headed ogre.
The two-headed ogre misses you. The two-headed ogre barely misses you.
You hit the two-headed ogre. You freeze the two-headed ogre.
You block the two-headed ogre's attack. The two-headed ogre closely misses you.
You completely miss the two-headed ogre.
The two-headed ogre misses you.
The two-headed ogre hits you with a +0 giant club!
* * * LOW HITPOINT WARNING * * *
😨 HP[-10]
You take 10 damage, and now have 22/69 hp.
You barely miss the two-headed ogre.
You flicker back into view.
The two-headed ogre hits you with a +0 giant spiked club!
* * * LOW HITPOINT WARNING * * *
The two-headed ogre closely misses you. 😱 HP[-11] MP[+1]
You take 11 damage, and now have 11/69 hp.
Your mp is fully restored (10).
You barely miss the two-headed ogre. You block the two-headed ogre's attack.
The two-headed ogre hits you with a +0 giant club!
* * * LOW HITPOINT WARNING * * *
😱 HP[-8]
You take 8 damage, and now have 3/69 hp.
Aiming: Throw Flame
Press: ? - help, Q - select action, (/) - cycle Shift-Dir - straight line, f/p - two-headed ogre
Aim: a two-headed ogre, wielding a +0 giant spiked club and a +0 giant club (almost dead, 89% to hit)
The puff of flame hits the two-headed ogre.
The two-headed ogre hits you with a +0 giant spiked club!
You die...

Skill      XL: |  1  2  3  4  5  6  7  8  9 10 |
---------------+-------------------------------+-----
Dodging        | 2 3 4 5 |  5.2
Stealth        | 2 |  2.1
Evocations     | 11 12 13 | 13.2
Shields        | 1 2 3 4 |  4.8
Fighting       | 3 4 5 6 |  6.2
Armour         | 1 2 4 5 |  5.4
Crossbows      | 5 6 |  6.6

Action                   |  1- 3 |  4- 6 |  7- 9 | 10-12 || total
-------------------------+-------+-------+-------+-------++-------
Melee: Short sword       |       |       |    22 |    15 ||    37
       Flail             |       |       |    32 |     5 ||    37
 Fire: Hand crossbow     |    41 |   134 |   366 |   137 ||   678
 Abil: Dig               |     2 |       |       |       ||     2
       Evoke Invisibilit |       |     1 |     3 |     4 ||     8
Evoke: Wand              |       |       |     9 |     1 ||    10
  Use: Scroll            |     5 |     2 |     6 |       ||    13
       Potion            |     1 |       |     2 |     4 ||     7
 Stab: Invisible         |       |       |     4 |     1 ||     5
       Sleeping          |       |       |     1 |       ||     1
Armor: Leather armour    |     7 |    18 |    85 |    38 ||   148
       Skin              |       |       |     7 |       ||     7
Dodge: Dodged            |    13 |    45 |   225 |   110 ||   393
Block: Buckler           |       |     7 |    99 |    54 ||   160

Levels and vault maps discovered:
D:1:      evilmike_arrival_plus, layout_basic, serial_shops,
          nicolae_diamond_shop, basic_ecumenical_altar, minmay_box_of_dots
D:2:      layout_basic, uniq_terence
D:3:      layout_basic, moated_statue, amethyst_killhole, kennysheep_flooded_box
D:4:      layout_loops_ring, elyvilon_altar_1, uniq_eustachio
D:5:      layout_loops_ring, minmay_stone_trees_small, uniq_pikel, uniq_duvessa,
          uniq_ijyb
D:6:      layout_gridville, nicolae_hepliaklqana_hazy_memory,
          okawaru_gym_becter, minmay_temple_entry_from_below_a, enter_ossuary_4
D:7:      layout_cave_pools, kennysheep_little_box, grunt_ministairs_13,
          uniq_menkaure
D:8:      minmay_spotlight, layout_loops_ring, lemuel_round_altar, serial_shops,
          nicolae_shop_advertising_works [nicolae_subvault_shop_adworks],
          dk_noncrumbling_2, uniq_amaemon
Temple:   nicolae_temple_figure_eight

Notes
Turn   | Place    | Note
-------+----------+-------------------------------------------
     0 | D:1      | mcwallace the Formicid Hunter began the quest for the Orb.
     0 | D:1      | Reached XP level 1. HP: 16/16 MP: 1/1
     0 | D:1      | magus.rc [v1.9.6]
    99 | D:1      | Found Refaucue's General Store.
   452 | D:1      | Reached XP level 2. HP: 23/23 MP: 2/2
   454 | D:1      | Reached skill level 2 in Dodging
   887 | D:1      | Found a faded altar of an unknown god.
  1108 | D:2      | Noticed Terence
  1159 | D:2      | Reached skill level 2 in Stealth
  1160 | D:2      | Reached XP level 3. HP: 24/28 MP: 3/3
  1214 | D:2      | Identified 3 scrolls of acquirement
  1216 | D:2      | Acquired the +0 pair of boots "Xeleam" {+Inv Will+}
  1223 | D:2      | Acquired 903 gold pieces
  1225 | D:2      | Acquired the +2 pair of gloves of Honesty {rF+ Dex+6}
  1333 | D:1      | Bought a potion of experience for 600 gold pieces
  1333 | D:1      | Reached skill level 11 in Evocations
  1333 | D:1      | Reached XP level 4. HP: 34/34 MP: 4/4
  1464 | D:2      | HP: 4/26 [Terence/+0 morningstar (10)]
  1480 | D:2      | HP: 3/26 [Terence/stone (2)]
  1772 | D:2      | Killed Terence
  2072 | D:2      | You pick up a book of Vapours and begin reading...
  2072 | D:2      | You add the spells Poisonous Vapours and Corpse Rot to your
                  | library.
  2200 | D:3      | Reached XP level 5. HP: 32/32 MP: 5/5
  2666 | D:3      | Found a stormy altar of Qazlal.
  2733 | D:4      | Identified the ring "Faikhli" {Ice Int-4 Dex+5}
  2939 | D:4      | Reached XP level 6. HP: 44/44 MP: 6/6
  2963 | D:4      | Reached skill level 1 in Shields
  3004 | D:4      | Noticed Eustachio
  3019 | D:4      | Killed Eustachio
  3020 | D:4      | Reached skill level 3 in Fighting
  3020 | D:4      | Reached skill level 1 in Armour
  3147 | D:4      | Reached XP level 7. HP: 37/52 MP: 7/7
  3300 | D:4      | Acquired 735 gold pieces
  3313 | D:4      | Found a white marble altar of Elyvilon.
  3732 | D:5      | Entered Level 5 of the Dungeon
  3908 | D:5      | Reached skill level 2 in Shields
  4079 | D:5      | Noticed a water moccasin
  4094 | D:5      | Killed a water moccasin
  4312 | D:5      | Noticed Ijyb
  4329 | D:5      | Killed Ijyb
  4330 | D:5      | Reached XP level 8. HP: 53/54 MP: 6/8
  4341 | D:5      | Reached skill level 2 in Armour
  4341 | D:5      | Reached skill level 3 in Dodging
  4407 | D:5      | Noticed Duvessa
  4407 | D:5      | Noticed Dowan
  4420 | D:5      | Killed Duvessa
  4422 | D:5      | Killed Dowan
  4529 | D:5      | Noticed Pikel
  4556 | D:5      | Killed Pikel
  4557 | D:5      | Reached skill level 4 in Fighting
  4557 | D:5      | Reached skill level 5 in Crossbows
  4557 | D:5      | Reached skill level 3 in Shields
  4659 | D:5      | Reached XP level 9. HP: 65/65 MP: 9/9
  4686 | D:5      | Reached skill level 3 in Armour
  4686 | D:5      | Reached skill level 12 in Evocations
  5168 | D:6      | Found a hazy altar of Hepliaklqana.
  5362 | D:6      | Found a sand-covered staircase.
  5373 | Ossuary  | Entered an ossuary
  5856 | D:6      | Reached skill level 4 in Shields
  5909 | D:6      | Reached skill level 4 in Dodging
  6017 | D:6      | Found a staircase to the Ecumenical Temple.
  6259 | D:6      | Found an iron altar of Okawaru.
  6530 | D:6      | HP: 15/62 [centaur (3)]
  6532 | D:6      | Reached skill level 5 in Fighting
  6797 | D:6      | Reached skill level 4 in Armour
  6802 | D:6      | HP: 16/64 [poisoned by a killer bee]
  7201 | D:7      | Acquired a manual of Evocations
  7224 | D:7      | Reached XP level 10. HP: 65/73 MP: 10/10
  7767 | Temple   | Entered the Ecumenical Temple
  8032 | D:7      | Noticed Menkaure
  8038 | D:7      | Killed Menkaure
  8039 | D:7      | Reached skill level 6 in Crossbows
  8206 | D:7      | Found a basalt altar of Yredelemnul.
  8480 | D:8      | Noticed a manticore
  8503 | D:8      | Killed a manticore
  8647 | D:8      | Noticed a komodo dragon
  8665 | D:8      | HP: 11/64 [komodo dragon (27)]
  8996 | D:8      | Found a shadowy altar of Dithmenos.
  9041 | D:8      | HP: 8/67 [steam dragon/ball of steam (13)]
  9690 | D:8      | Noticed Amaemon
  9692 | D:8      | Noticed an orange demon
  9712 | D:8      | HP: 17/72 [poisoned by Amaemon]
  9713 | D:8      | Killed Amaemon
  9714 | D:8      | Reached skill level 6 in Fighting
  9714 | D:8      | Reached skill level 5 in Armour
  9714 | D:8      | Reached skill level 5 in Dodging
  9714 | D:8      | Reached skill level 13 in Evocations
  9717 | D:8      | Killed an orange demon
 10044 | D:8      | You pick up a book of Blasting and begin reading...
 10044 | D:8      | You add the spells Fulminant Prism, Iskenderun's Mystic
                  | Blast and Lee's Rapid Deconstruction to your library.
 10130 | D:8      | Noticed a two-headed ogre
 10147 | D:8      | HP: 11/69 [two-headed ogre/+0 giant spiked club (12)]
 10148 | D:8      | HP: 3/69 [two-headed ogre/+0 giant spiked club (8)]
 10151 | D:8      | Mangled by a two-headed ogre

Vanquished Creatures
  Amaemon (D:8)
  Pikel (D:5)
  A manticore (D:8)
  An orange demon (D:8)
  Eustachio (D:4)
  A yak (D:7)
  Menkaure (D:7)
  2 steam dragons
  Duvessa (D:5)
  2 water moccasins
  An ice beast (D:8)
  An ogre (D:6)
  2 centaurs
  An elf zombie (Ossuary)
  A bullfrog (D:6)
  6 scorpions
  3 necrophages
  Dowan (D:5)
  A wight (D:8)
  6 howler monkeys
  10 killer bees
  5 hounds
  3 orc priests
  3 human zombies (Ossuary)
  Ijyb (D:5)
  Terence (D:2)
  4 iguanas
  5 orc wizards
  2 mummies (Ossuary)
  An adder (D:3)
  2 adder zombies (Ossuary)
  A worm (D:2)
  A dart slug (D:3)
  21 orcs
  8 ball pythons
  2 bats
  10 endoplasms
  2 giant cockroaches
  7 goblins
  5 hobgoblins
  4 kobolds
  5 quokkas
  A frilled lizard (D:1)
  2 goblin zombies
  10 hobgoblin zombies (Ossuary)
  2 jackal zombies (Ossuary)
  7 kobold zombies (Ossuary)
  9 orc zombies (Ossuary)
  4 rats
  3 rat zombies
176 creatures vanquished.

Table legend:
 A = Non-vault XP
 B = Vault XP
 C = Vault XP percentage of total XP
 D = Non-vault monster count
 E = Vault monster count
 F = Vault count percentage of total count
                 A         B        C        D         E       F
            +---------+---------+-------+---------+---------+-------
      Total |    3844 |    3427 |  47.1 |     118 |      58 |  33.0
            +---------+---------+-------+---------+---------+-------
        D:1 |      21 |       5 |  19.2 |      12 |       3 |  20.0
        D:2 |      31 |      36 |  53.7 |      17 |       1 |   5.6
        D:3 |      44 |       0 |   0.0 |      14 |       0 |   0.0
        D:4 |     306 |     202 |  39.8 |      15 |       1 |   6.2
        D:5 |     715 |     884 |  55.3 |      11 |       4 |  26.7
        D:6 |    1118 |       2 |   0.2 |      25 |       2 |   7.4
        D:7 |     664 |     585 |  46.8 |      13 |       4 |  23.5
        D:8 |     945 |    1410 |  59.9 |      11 |       4 |  26.7
    Ossuary |       0 |     303 | 100.0 |       0 |      39 | 100.0
            +---------+---------+-------+---------+---------+-------

Illustrated notes

Table legend:
 A = Kills in this place as a percentage of kills in entire the game.
 B = Kills by you in this place as a percentage of kills by you in the entire game.
 C = Kills by friends in this place as a percentage of kills by friends in the entire game.
 D = Other kills in this place as a percentage of other kills in the entire game.
 E = Experience gained in this place as a percentage of experience gained in the entire game.
 F = Experience gained in this place divided by the number of levels of this place that you have seen.
                   A       B       C       D       E      F
               +-------+-------+-------+-------+-------+----------------------
         Total | 100.0 | 100.0 |   N/A |   N/A | 100.0 | 727.1
       Dungeon |  77.8 |  77.8 |   N/A |   N/A |  95.8 | 871.0
       Ossuary |  22.2 |  22.2 |   N/A |   N/A |   4.2 | 303.0
               +-------+-------+-------+-------+-------+----------------------

Table legend: (Time is in decaauts)
 A = Elapsed time spent in this place.
 B = Non-inter-level travel time spent in this place.
 C = Inter-level travel time spent in this place.
 D = Time resting spent in this place.
 E = Time spent auto-exploring this place.
 F = Levels seen in this place.
 G = Mean time per level.
                   A        B        C        D        E       F      G
               +--------+--------+--------+--------+--------+-----+--------+
         Total |  10378 |   9843 |    535 |   1802 |   5955 |  10 | 1037.8 |
       Dungeon |   9712 |   9203 |    509 |   1723 |   5718 |   8 | 1214.0 |
        Temple |    245 |    219 |     26 |      0 |    217 |   1 |  245.0 |
       Ossuary |    420 |    420 |      0 |     79 |     20 |   1 |  420.0 |
               +--------+--------+--------+--------+--------+-----+--------+

Top non-repeatable levels by time:
     D:6: 1921 daAuts
     D:1: 1468 daAuts
     D:5: 1454 daAuts
     D:7: 1382 daAuts
     D:8: 1154 daAuts
     D:4: 1040 daAuts
     D:2: 683 daAuts
     D:3: 606 daAuts
 Ossuary: 420 daAuts
  Temple: 245 daAuts
